 Dungeon Crawl Stone Soup version 0.21.1-1-g345015f (webtiles) character file.

116 Devour the Firebug (level 4, -2/34 HPs)
             Began as a Demigod Fire Elementalist on Feb 9, 2018.
             Slain by a hobgoblin (5 damage)
             ... on level 3 of the Dungeon.
             The game lasted 00:11:51 (2268 turns).

Devour the Firebug (Demigod Fire Elementalist)      Turns: 2268, Time: 00:11:52

Health: -2/34      AC:  2    Str: 11    XL:     4   Next: 43%
Magic:  3/10       EV: 12    Int: 21    God:
Gold:   111        SH:  0    Dex: 16    Spells: 1/7 levels left

rFire    . . .     SeeInvis .   i - +0 dagger
rCold    . . .     Gourm    .   (no shield)
rNeg     . . .     Faith    .   a - +0 robe
rPois    .         Spirit   .   (no helmet)
rElec    .         Reflect  .   (no cloak)
rCorr    .         Harm     .   (no gloves)
MR       .....                  (no boots)
Stlth    +++.......             (no amulet)
HPRegen  0.11/turn              s - ring of stealth
MPRegen  0.12/turn              (no ring)

@: no status effects
A: high mp 1
a: no special abilities


You were on level 3 of the Dungeon.
You were not hungry.

You visited 1 branch of the dungeon, and saw 3 of its levels.

You collected 111 gold pieces.

Inventory:

Hand Weapons
 i - a +0 dagger (weapon)
Armour
 a - a +0 robe (worn)
Jewellery
 s - a ring of stealth (left hand)
Scrolls
 e - a scroll of teleportation {unknown}
 h - a scroll of amnesia
 l - a scroll of blinking {unknown}
 m - a scroll of enchant weapon {unknown}
 n - a scroll of immolation {unknown}
 r - a scroll of magic mapping {unknown}
Potions
 f - 2 potions of agility
 g - 3 potions of haste
 j - a potion of cancellation
 k - a potion of flight
 o - a potion of degeneration {unknown}
 p - a potion of ambrosia {unknown}
 q - a potion of lignification {unknown}
Books
 b - a book of Flames

   Spells                             Type                      Level
   a - Flame Tongue                   Conjuration/Fire             1
   b - Throw Flame                    Conjuration/Fire             2
   c - Conjure Flame                  Conjuration/Fire             3
   d - Inner Flame                    Hexes/Fire                   3
   e - Sticky Flame                   Conjuration/Fire             4
   f - Fireball                       Conjuration/Fire             5
Comestibles
 c - 8 rations
 d - 3 chunks of flesh


   Skills:
 + Level 0.7 Fighting
 + Level 1.9 Dodging
 + Level 2.4 Stealth
 + Level 2.3 Spellcasting
 * Level 2.0 Conjurations
 + Level 3.6 Fire Magic


You had one spell level left.
You knew the following spells:

 Your Spells              Type           Power        Failure   Level  Hunger
a - Flame Tongue          Conj/Fire      ##...        4%          1    #......
b - Throw Flame           Conj/Fire      ##....       7%          2    ##.....
c - Conjure Flame         Conj/Fire      ##......     13%         3    ###....


Dungeon Overview and Level Annotations

Branches:
Dungeon (3/15)


Innate Abilities, Weirdness & Mutations

You have an increased reservoir of magic. (+10% MP)


Message History

Confirm with . or Enter, or press ? or * to list all spells.
Aiming: Flame Tongue
Press: ? - help, Shift-Dir - straight line, f/p - orc
Aim: an orc, wielding a whip (heavily wounded)
The flame tongue hits the orc.
You kill the orc!
The hobgoblin shouts!
The quokka bites you.
* * * LOW HITPOINT WARNING * * *
The quokka bites you.
* * * LOW HITPOINT WARNING * * *
Casting: Flame Tongue
Confirm with . or Enter, or press ? or * to list all spells.
Aiming: Flame Tongue
Press: ? - help, Shift-Dir - straight line, f - hobgoblin
Aim: a hobgoblin
Okay, then.
There is an escape hatch in the floor here.
The hobgoblin hits you.
You die...

#..)...#...# #.# #.#≈≈
#......###.#####.# #.#≈≈
######## #.....#.###.#≈≈
##..##'#..##.#≈≈
#.......#.##.#≈≈
############.......#.##.#≈≈
#..........#.......#..#.#≈≈
#.........$#..[....##.#.#≈≈
#........r@#.......##.#.##≈
#........g.####'#####.#..##
#..........# #.# #..#.##
#..........# #o# ##.#.#
#..........####'######...##
#.............or†..(###..#.
#...................# #..#.
#......).....o......# ##>#.
#.#######...........# #.##


You could see a quokka and a hobgoblin.

Vanquished Creatures
  4 adders (D:2)
  An ooze (D:1)
  A worm (D:3)
  3 dart slugs (D:1)
  2 leopard geckos (D:1)
  3 orcs (D:3)
  A ball python (D:2)
  2 giant cockroaches
  8 goblins
  9 hobgoblins
  6 kobolds
  9 bats
  3 frilled lizards (D:1)
  7 rats
59 creatures vanquished.

Notes
Turn   | Place    | Note
-------+----------+-------------------------------------------
     0 | D:1      | Devour the Demigod Fire Elementalist began the quest for the Orb.
     0 | D:1      | Reached XP level 1. HP: 14/14 MP: 5/5
    26 | D:1      | Reached skill level 1 in Conjurations
    83 | D:1      | Reached skill level 3 in Fire Magic
   119 | D:1      | Reached XP level 2. HP: 16/20 MP: 4/7
   242 | D:1      | Learned a level 2 spell: Throw Flame
   649 | D:1      | Reached XP level 3. HP: 26/26 MP: 5/8
  1040 | D:2      | Found a burning altar of Makhleb.
  1045 | D:2      | Found a glowing silver altar of Zin.
  1046 | D:2      | Noticed a cacodemon
  1046 | D:2      | Noticed an angel
  1226 | D:2      | Learned a level 3 spell: Conjure Flame
  1313 | D:2      | Reached XP level 4. HP: 34/34 MP: 4/10
  1416 | D:2      | Found an ancient bone altar of Kikubaaqudgha.
  2088 | D:3      | Found a sacrificial altar of Ru.
  2268 | D:3      | Slain by a hobgoblin

Skill      XL: |  1  2  3  4 |
---------------+-------------+-----
Conjurations   | 1 2 |  2.0
Fire Magic     | 3 |  3.6
Stealth        | 2 |  2.4
Spellcasting   | 2 |  2.3
Fighting       | |  0.7
Dodging        | |  1.9

Action                   |  1- 3 |  4- 6 || total
-------------------------+-------+-------++-------
Melee: Unarmed           |     2 |       ||     2
       Dagger            |     5 |     3 ||     8
 Cast: Flame Tongue      |    66 |    32 ||    98
       Throw Flame       |       |     6 ||     6
  Use: Scroll            |     4 |     1 ||     5
 Stab: Sleeping          |     4 |       ||     4
  Eat: Chunk             |     2 |     3 ||     5
Armor: Robe              |     4 |       ||     4
Dodge: Dodged            |    20 |    11 ||    31
